 Dungeon Crawl Stone Soup version 0.31.0-11-ge490571c62 (webtiles) character file.

Game seed: 5643239267030994586

116 qw the Skirmisher (level 4, -2/25 HPs)
             Began as a Deep Elf Hunter on Feb 3, 2024.
             Slain by a hobgoblin (5 damage)
             ... led by Robin
             ... on level 2 of the Dungeon.
             The game lasted 00:00:21 (952 turns).

qw the Skirmisher (Deep Elf Hunter)                  Turns: 952, Time: 00:00:22

Health: -2/25      AC:  7    Str: 10    XL:     4   Next: 69%
Magic:  6/6        EV: 12    Int: 14    God:
Gold:   49         SH:  0    Dex: 18    Spells: 3/3 levels left

rFire   . . .        a - +0 shortbow
rCold   . . .        (shield currently unavailable)
rNeg    . . .        c - +0 leather armour
rPois   .            (no helmet)
rElec   .            (no cloak)
rCorr   .            (no gloves)
SInv    .            (no boots)
Will    .....        (no amulet)
Stlth   ++           f - +4 ring of protection
HPRegen 0.24/turn    (no ring)
MPRegen 0.10/turn

%: no passive effects
@: lethally poisoned (-2 -> -13)
A: no striking features
a: no special abilities


You were on level 2 of the Dungeon.
You visited 1 branch of the dungeon, and saw 2 of its levels.

You collected 49 gold pieces.


   Skills:
 - Level 1.5 Fighting
 + Level 8.1 Ranged Weapons
 - Level 2.4 Dodging
 - Level 1.2 Stealth


You had 3 spell levels left.
You didn't know any spells.
Your spell library was empty.

Inventory:

Hand Weapons
 a - a +0 shortbow (weapon)
Armour
 c - a +0 leather armour (worn)
 m - a +2 ring mail of fire resistance
Jewellery
 f - a +4 ring of protection (left hand)
 l - a ring of willpower
Scrolls
 d - a scroll of immolation {unknown}
 h - a scroll of teleportation {unknown}
 j - 3 scrolls of identify
 k - a scroll of enchant armour
 n - a scroll of blinking {unknown}
Potions
 b - a potion of haste {unknown}
 e - a potion of enlightenment
 g - a potion of berserk rage {unknown}
 i - a potion of might {unknown}
 o - a potion of curing {unknown}

Dungeon Overview and Level Annotations

Branches:
Dungeon (2/15)

Altars:
Wu Jian

Annotations:
D:2 Robin


Message History

The hobgoblin is heavily wounded.
The goblin shouts! x2; Robin shouts!
You hear a shout!
Robin throws the goblin at you!
A hobgoblin comes into view.
The goblin hits you but does no damage.
The hobgoblin shouts!
You shoot an arrow. The arrow closely misses the goblin.
You hear a shout!
Robin roars a battlecry!
The goblins go into a battle-frenzy!
The goblin hits you with a +0 club.
You shoot an arrow. The arrow hits the hobgoblin.
You kill the hobgoblin!
Robin throws the goblin at you! The goblin hits you with a +0 club.
The goblin barely misses you.
You shoot an arrow. The arrow hits the goblin.
The goblin is severely wounded.
The goblin hits you but does no damage. The goblin closely misses you.
You shoot an arrow. The arrow hits the goblin.
The goblin is almost dead.
The goblin hits you with a +0 club. The goblin closely misses you. x2
The goblin hits you but does no damage. The goblin hits you with a +0 club.
The goblin hits you but does no damage.
You are poisoned.
A goblin comes into view. It is wielding a +0 club.
You shoot an arrow. The arrow hits the goblin.
You kill the goblin!
You feel sick. The goblin hits you but does no damage.
You shoot an arrow. The arrow hits the goblin.
The goblin is heavily wounded.
You feel sick. The goblin closely misses you. x2
You shoot an arrow. The arrow barely misses the goblin.
You feel sick. Robin throws the goblin at you! The goblin barely misses you.
The goblin hits you with a +0 club. The hobgoblin hits you.
The goblin hits you but does no damage.
You are lethally poisoned!
You shoot an arrow. The arrow barely misses the goblin.
You feel very sick. The goblin misses you. The goblin completely misses you.
The hobgoblin hits you.
You die...

### ## ###.. #.
...# #. ####..# #|
##.....# #.
#.###..#### #g
#.#.......# #
#g###.#.#..##.#####
#g@........##%...).
#gg####.#....%)....
#..# #.###########
#..# #.# #..# #.#
#..# #.# #..# #<#
#..####.######
#.....:...<..####


You could see Robin, a hobgoblin (strong) and 3 goblins.

Vanquished Creatures
  Terence (D:2)
  4 adders (D:2)
  3 dart slugs
  4 ball pythons
  6 endoplasms
  8 goblins
  6 hobgoblins
  2 jackals (D:2)
  2 quokkas (D:2)
  2 bats
  3 frilled lizards
  5 kobolds
  3 rats
49 creatures vanquished.

Notes
Turn   | Place    | Note
-------+----------+-------------------------------------------
     0 | D:1      | qw the Deep Elf Hunter began the quest for the Orb.
     0 | D:1      | Reached XP level 1. HP: 12/12 MP: 3/3
     0 | D:1      | 0 ||| qw: Version: 0.3-a-155-g5e7d8dd
     0 | D:1      | 0 ||| qw: Game counter: 3467
     0 | D:1      | 0 ||| qw: Melee chars always use a shield: true
     0 | D:1      | 0 ||| qw: God list: Okawaru
     0 | D:1      | 0 ||| qw: Allow faded altars: false
     0 | D:1      | 0 ||| qw: Do Orc after clearing Dungeon:15 true
     0 | D:1      | 0 ||| qw: Do second Lair branch before Depths: true
     0 | D:1      | 0 ||| qw: Lair rune preference: random
     0 | D:1      | 0 ||| qw: Goals: Normal
     0 | D:1      | 0 ||| PLANNING D:1-11
   103 | D:1      | Reached XP level 2. HP: 16/16 MP: 4/4
   105 | D:1      | Reached skill level 6 in Ranged Weapons
   583 | D:1      | 583 ||| UPGRADING to +4 ring of protection.
   584 | D:1      | 584 ||| READING scroll labelled JUTUGIL WONEI.
   584 | D:1      | 584 ||| IDENTIFYING bubbling emerald potion
   585 | D:1      | 585 ||| READING scroll labelled PIWKOO XEJUUNT.
   585 | D:1      | 585 ||| ENCHANTING +0 shortbow.
   586 | D:1      | 586 ||| DROPPING scroll of butterflies.
   662 | D:2      | Reached XP level 3. HP: 20/20 MP: 5/5
   693 | D:2      | Found an ornate altar of the Wu Jian Council.
   711 | D:2      | Reached skill level 7 in Ranged Weapons
   720 | D:2      | Noticed Terence
   729 | D:2      | Killed Terence
   741 | D:2      | Reached XP level 4. HP: 19/25 MP: 6/6
   756 | D:2      | 756 ||| FLEEEEING.
   867 | D:2      | Reached skill level 8 in Ranged Weapons
   943 | D:2      | Noticed Robin
   951 | D:2      | HP: 5/25 [hobgoblin[Robin] (2)]
   952 | D:2      | Slain by a hobgoblin

Levels and vault maps discovered:
D:1:      lightli_arrival_isolated_outpost, layout_basic
D:2:      layout_loops_ring, basic_altar, uniq_robin, uniq_terence

Skill      XL: |  1  2  3  4 |
---------------+-------------+-----
Ranged Weapons | 6 7 8 |  8.1
Fighting       | |  1.5
Dodging        | |  2.4
Stealth        | |  1.2

Action                     |  1- 3 |  4- 6 || total
---------------------------+-------+-------++-------
   Fire: Shortbow          |    77 |    71 ||   148
    Use: Scroll            |     2 |       ||     2
 Armour: Leather armour    |    28 |    31 ||    59
  Dodge: Dodged            |    25 |    30 ||    55

Table legend:
 A = Non-vault XP
 B = Vault XP
 C = Vault XP percentage of total XP
 D = Non-vault monster count
 E = Vault monster count
 F = Vault count percentage of total count
                 A         B        C        D         E       F
            +---------+---------+-------+---------+---------+-------
      Total |     130 |      36 |  21.7 |      46 |       3 |   6.1
            +---------+---------+-------+---------+---------+-------
        D:1 |      35 |       0 |   0.0 |      21 |       0 |   0.0
        D:2 |      95 |      36 |  27.5 |      25 |       3 |  10.7
            +---------+---------+-------+---------+---------+-------
